 Dungeon Sprint DCSS version 0.22.1-1-ga44c0e56f4 (webtiles) character file.

120 MuseOD the Covert (level 9, -10/51 HPs)
             Began as a Spriggan Enchanter on Sept 26, 2018.
             Was an Elder of Dithmenos.
             Mangled by a black mamba (11 damage)
             ... in the Dungeon (Sprint VI: "Thunderdome").
             The game lasted 00:05:10 (900 turns).

MuseOD the Covert (Spriggan Enchanter)               Turns: 900, Time: 00:05:10

Health: -10/51     AC:  2    Str:  4    XL:     9   Next: 7%
Magic:  1/22       EV: 18    Int: 19    God:    Dithmenos [****..]
Gold:   320        SH:  0    Dex: 17    Spells: 13/25 levels left

rFire    + . .     SeeInvis +   a - +1 dagger
rCold    + . .     Gourm    .   (shield restricted)
rNeg     . . .     Faith    .   b - +0 robe
rPois    +         Spirit   .   (helmet restricted)
rElec    +         Reflect  .   (no cloak)
rCorr    +         Harm     .   (gloves unavailable)
MR       +....     NoTele   +   (boots unavailable)
Stlth    +++++++++.             (no amulet)
HPRegen  0.17/turn              (no ring)
MPRegen  0.18/turn              (no ring)

@: resistant, wreathed by umbra, very quick
A: very small, unfitting armour, see invisible, herbivore, speed 3, slow
metabolism 2
a: Shadow Step, Renounce Religion


You were in the Dungeon.
You worshipped Dithmenos.
Dithmenos was greatly pleased with you.
You were not hungry.

You visited 1 branch You collected 380 gold pieces.
You spent 60 gold pieces at shops.

Inventory:

Hand Weapons
 a - a +1 dagger (weapon)
Armour
 b - a +0 robe (worn)
Wands
 k - a wand of acid (5)
 l - a wand of iceblast (1)
Scrolls
 j - 4 scrolls of blinking
 m - 3 scrolls of fog
Potions
 f - 3 potions of heal wounds
 g - 3 potions of haste
Comestibles
 d - a ration


   Skills:
 + Level 7.7 Fighting
 * Level 13.7 Short Blades
 - Level 3.0 Dodging
 + Level 14.1 Stealth
 + Level 8.5 Spellcasting
 + Level 8.8 Hexes


You had 13 spell levels left.
You knew the following spells:

 Your Spells              Type           Power        Failure   Level  Hunger
a - Corona                Hex            #####..      1%          1    None
b - Ensorcelled Hibernat  Hex/Ice        ###...       2%          2    None
c - Confuse               Hex            #####...     1%          3    None
d - Dazzling Spray        Conj/Hex       ###...       4%          3    None
e - Tukima's Dance        Hex            #####...     1%          3    None

Your spell library contained the following spells:

 Spells                   Type           Power        Failure   Level  Hunger


Dungeon Overview and Level Annotations

Branches:
Dungeon (1/1)

Altars:
Cheibriados
Dithmenos
Fedhas
Gozag
Kikubaaqudgha
Makhleb
Okawaru
Qazlal
Ru
Sif Muna
Trog
Uskayaw
Vehumet
Wu Jian
Xom
Yredelemnul
Zin
The Shining One
Beogh
Jiyva
Lugonu

Shops:
D *[%??*?*:[((!!!!


Innate Abilities, Weirdness & Mutations

You are very small and have problems with some larger weapons.
You are too small for most types of armour.
You have supernaturally acute eyesight. (SInv)
You are a herbivore.
You cover ground extremely quickly.
You need to consume almost no food.


Message History

The black mamba looks drowsy...
Your shadow mimicks your spell!
The black mamba is unaffected.
The black mamba hisses angrily.
The salamander completely misses you. The salamander closely misses you.
A naga warrior comes into view. It is wielding a war axe. 50...
The black mamba bites you!
* * * LOW HITPOINT WARNING * * *
The black mamba hisses angrily.
You miss the black mamba.
The black mamba is moderately wounded.
The black mamba misses you.
The black mamba bites you but does no damage.
The naga warrior shouts!
You hit the black mamba.
The black mamba is heavily wounded.
The black mamba bites you!
You die...

##∩.....∩## #∩.......∩#
#_......._# #_......._#
#_......._# ###.........###
#⌠........N..§#
######.8.........8.######
#∩_._..)...###..@...___∩##
∩........8.# #.8SS......∩###
...........###N......N.....##
........###...###†.†.......⌠#
........# #.<.# #..........⌠#
........###.).###..........⌠#
...........###.............##
∩........8.# #.8S.......∩###
#∩___......###.......__∩##


You could see a naga warrior, a naga warlord, a salamander and 2 black mambas.

Vanquished Creatures
  A hydra (D)
  A mana viper (D)
  A tyrant leech (D)
  Sigmund (D)
  A swamp drake (D)
  8 bullfrogs (D)
  2 jellies (D)
  2 gnolls (D)
  2 oozes (D)
  2 goblins (D)
  A jackal (D)
22 creatures vanquished.

Notes
Turn   | Place    | Note
-------+----------+-------------------------------------------
     0 | D        | MuseOD the Spriggan Enchanter began the quest for the Orb.
     0 | D        | Reached XP level 1. HP: 9/9 MP: 5/5
     3 | D        | Found a glowing silver altar of Zin.
     4 | D        | Found a snail-covered altar of Cheibriados.
     4 | D        | Found a viscous altar of Jiyva.
     5 | D        | Found a bloodstained altar of Trog.
     5 | D        | Found a sacrificial altar of Ru.
     6 | D        | Found Buakiav's Do-It-Yourself Clinic.
     6 | D        | Found an opulent altar of Gozag.
     6 | D        | Found a roughly hewn altar of Beogh.
     6 | D        | Found Bydwics's Distillery.
     7 | D        | Found Tilaesa's Bottled Wisdom.
     7 | D        | Found Edolaaxt's Distillery.
     9 | D        | Found a shimmering altar of Xom.
     9 | D        | Round 1.
    10 | D        | Found a hide-covered altar of Uskayaw.
    11 | D        | Found a basalt altar of Yredelemnul.
    12 | D        | Found Efuadeiq's Staff Store.
    13 | D        | Found a deep blue altar of Sif Muna.
    13 | D        | Found a burning altar of Makhleb.
    13 | D        | Found a corrupted altar of Lugonu.
    13 | D        | Found Oschuum's Magic Scroll Shop.
    13 | D        | Found Poigg's Must-Have Magic.
    13 | D        | Found Rerad's Magic Scroll Shop.
    14 | D        | Noticed a jelly
    28 | D        | Found Raus's Weapon Rack.
    29 | D        | Found Uvuwecuh's Basic Armour.
    29 | D        | Found Azucvimn's Miscellaneous Merchandise.
    30 | D        | Found a shadowy altar of Dithmenos.
    30 | D        | Found an ancient bone altar of Kikubaaqudgha.
    30 | D        | Found an iron altar of Okawaru.
    30 | D        | Found Labu's Premium Goods.
    34 | D        | Found a stormy altar of Qazlal.
    35 | D        | Found a radiant altar of Vehumet.
    38 | D        | Became a worshipper of Dithmenos the Shadowed
    46 | D        | Killed a jelly
    46 | D        | Reached skill level 6 in Stealth
    46 | D        | Reached XP level 2. HP: 15/15 MP: 4/6
    46 | D        | Reached XP level 3. HP: 18/18 MP: 5/8
    53 | D        | Learned a level 2 spell: Ensorcelled Hibernation
    57 | D        | Learned a level 3 spell: Confuse
    61 | D        | Found a glowing golden altar of the Shining One.
    62 | D        | Found Ahat's Identification Station.
    62 | D        | Found a blossoming altar of Fedhas.
    62 | D        | Found an ornate altar of the Wu Jian Council.
    62 | D        | Found Vejohin's Delicious Food.
    69 | D        | Found Exygo's Advanced Armour.
    69 | D        | Found Mim Alug's Jewellery.
   144 | D        | Reached * piety under Dithmenos
   144 | D        | Reached skill level 5 in Short Blades
   194 | D        | Reached skill level 7 in Stealth
   194 | D        | Reached XP level 4. HP: 24/24 MP: 6/9
   218 | D        | Arena points: 5 (+5) [x1]
   234 | D        | Round 2.
   251 | D        | Noticed Sigmund
   280 | D        | Reached ** piety under Dithmenos
   283 | D        | Reached skill level 8 in Stealth
   288 | D        | Killed Sigmund
   288 | D        | Reached skill level 10 in Stealth
   288 | D        | Reached XP level 5. HP: 30/30 MP: 1/10
   296 | D        | Arena points: 33 (+28) [x2]
   305 | D        | Learned a level 3 spell: Dazzling Spray
   323 | D        | Round 3.
   335 | D        | Reached *** piety under Dithmenos
   335 | D        | Reached skill level 5 in Fighting
   335 | D        | Reached XP level 6. HP: 33/35 MP: 1/12
   390 | D        | Reached skill level 10 in Short Blades
   390 | D        | Reached skill level 11 in Stealth
   407 | D        | Reached skill level 5 in Hexes
   422 | D        | Reached **** piety under Dithmenos
   422 | D        | Reached skill level 5 in Spellcasting
   422 | D        | Reached XP level 7. HP: 39/39 MP: 8/15
   439 | D        | Arena points: 96 (+63) [x3]
   439 | D        | Reached skill level 12 in Stealth
   497 | D        | Round 4.
   500 | D        | Learned a level 3 spell: Tukima's Dance
   571 | D        | Noticed a five-headed hydra
   601 | D        | Noticed a tyrant leech
   629 | D        | Killed a five-headed hydra
   629 | D        | Reached skill level 13 in Stealth
   629 | D        | Reached XP level 8. HP: 39/46 MP: 8/20
   646 | D        | Killed a tyrant leech
   732 | D        | Arena points: 120 (+24) [x1]
   756 | D        | Bought a scroll of remove curse for 60 gold pieces
   756 | D        | Round 5.
   789 | D        | Noticed a mana viper
   799 | D        | Noticed a naga warlord
   806 | D        | Noticed a black mamba
   831 | D        | Noticed a black mamba
   862 | D        | Noticed a black mamba
   872 | D        | Killed a mana viper
   872 | D        | Reached skill level 14 in Stealth
   872 | D        | Reached XP level 9. HP: 8/51 MP: 0/22
   886 | D        | Noticed a salamander
   897 | D        | Noticed a naga warrior
   898 | D        | HP: 1/51 [black mamba (10)]
   900 | D        | Mangled by a black mamba

Skill      XL: |  1  2  3  4  5  6  7  8 |
---------------+-------------------------+-----
Fighting       | 2 3 4 5 7 |  7.7
Short Blades   | 4 6 9 11 12 13 | 13.7
Stealth        | 6 7 10 11 13 14 | 14.1
Spellcasting   | 3 5 7 8 |  8.5
Hexes          | 4 5 7 8 |  8.8
Dodging        | |  3.0

Action                   |  1- 3 |  4- 6 |  7- 9 || total
-------------------------+-------+-------+-------++-------
Melee: Dagger            |     5 |    23 |    42 ||    70
 Cast: Corona            |     1 |       |       ||     1
       Ensorcelled Hiber |     5 |    14 |    25 ||    44
       Confuse           |       |       |     5 ||     5
       Dazzling Spray    |       |       |     1 ||     1
Invok: Shadow Step       |       |       |     2 ||     2
Evoke: Wand              |     1 |       |     3 ||     4
  Use: Potion            |       |     2 |     5 ||     7
       Scroll            |       |       |     1 ||     1
 Stab: Sleeping          |     3 |     6 |     4 ||    13
       Confused          |       |       |     3 ||     3
Armor: Robe              |       |       |     2 ||     2
Dodge: Dodged            |       |    23 |    39 ||    62
